 Dungeon Crawl Stone Soup version 0.20.0-8-g6b59dc7 (webtiles) character file.

186 Chiseanne the Magician (level 5, 35/35 HPs)
             Began as a Demonspawn Wizard on June 2, 2017.
             Was an Initiate of Vehumet.
             Quit the game on level 3 of the Dungeon.
             The game lasted 00:05:17 (3515 turns).

Chiseanne the Magician (Demonspawn Wizard)          Turns: 3515, Time: 00:05:18

Health: 35/35      AC:  2    Str: 13    XL:     5   Next: 38%
Magic:  2/11       EV: 12    Int: 20    God:    Vehumet [......]
Gold:   108        SH:  0    Dex: 11    Spells: 3/12 levels left

rFire    . . .     SeeInvis .   n - +0 mace
rCold    + . .     Gourm    .   (no shield)
rNeg     . . .     Faith    .   a - +0 robe
rPois    .         Spirit   .   b - +0 hat
rElec    .         Reflect  .   (no cloak)
rCorr    .         Harm     .   (no gloves)
MR       .....                  (no boots)
Stlth    ++........             (no amulet)
Regen    0.2/turn               (no ring)
MPRegen  0.2/turn               (no ring)

@: mighty, very slightly contaminated
A: horns 1, cold resistance 1
a: Renounce Religion


You were on level 3 of the Dungeon.
You worshipped Vehumet.
Vehumet was noncommittal.
You were not hungry.

You visited 1 branch of the dungeon, and saw 3 of its levels.

You collected 108 gold pieces.

Inventory:

Hand Weapons
 n - a +0 mace (weapon)
Missiles
 g - 21 arrows
 k - 93 stones (quivered)
Armour
 a - a +0 robe (worn)
 b - a +0 hat (worn)
 e - a +2 robe of magic resistance
 m - a +0 shield
Scrolls
 c - a scroll of remove curse
 i - 4 scrolls of teleportation
Potions
 h - a potion of might
 j - 2 potions of curing {unknown}
Comestibles
 d - a bread ration
 f - a royal jelly
 l - a chunk of flesh
 o - 3 meat rations


   Skills:
 - Level 1.7 Dodging
 - Level 1.7 Stealth
 * Level 4.4 Spellcasting
 * Level 3.9 Conjurations
   Level 1.0 Summonings
 - Level 0.8 Translocations


You had 3 spell levels left.
You knew the following spells:

 Your Spells              Type           Power        Failure   Level  Hunger
a - Magic Dart            Conj           ###.         2%          1    None
b - Blink                 Tloc           N/A          13%         2    #......
c - Conjure Flame         Conj/Fire      ##......     16%         3    ###....
d - Mephitic Cloud        Conj/Pois/Air  #.......     22%         3    ###....


Dungeon Overview and Level Annotations

Branches:
Dungeon (3/15)

Altars:
Ashenzari
Cheibriados
Ru
Trog
Vehumet


Innate Abilities, Weirdness & Mutations

You have a pair of small horns on your head.
Your flesh is cold resistant. (rC+)


Message History

Unknown command.
There is a stone staircase leading up here.
The ogre is engulfed in noxious fumes.
The ogre appears confused.
It was a potion of might.
You feel very mighty all of a sudden.
You completely miss the ogre.
The ogre is moderately wounded.
You sock the ogre!
The ogre is severely wounded.
The ogre misses you.
You sock the ogre!
The ogre is almost dead.
The ogre misses you.
You sock the ogre!
You kill the ogre!
Vehumet accepts your kill.
You have reached level 5!
Your demonic ancestry asserts itself...
A pair of horns grows on your head!
Are you sure you want to abandon this character and quit the game? (Confirm with "yes".)

## #.# #.......#######
..#.##.########.###..............
..#.##.# #.###.......#######
..#.##.# #.@.#.#.....# ##..##O#
#.#)._......# ..O.##.#
#.###.##.#### ).#.##.# #.##..##.#
.......# #.<......# ..######
########## ..# ### #


There were no monsters in sight!

Vanquished Creatures
  An ogre (D:3)
  Jessica (D:2)
  An adder (D:3)
  An ooze (D:2)
  A worm (D:2)
  A dart slug (D:3)
  An orc (D:3)
  5 bats
  6 giant cockroaches
  4 hobgoblins
  9 jackals
  11 kobolds
  3 frilled lizards
  4 goblins
  5 rats
54 creatures vanquished.

Notes
Turn   | Place    | Note
-------+----------+-------------------------------------------
     0 | D:1      | Chiseanne the Demonspawn Wizard began the quest for the Orb.
     0 | D:1      | Reached XP level 1. HP: 13/13 MP: 4/4
   485 | D:1      | Gained mutation: Your flesh is cold resistant. (rC+) [demonic ancestry]
   485 | D:1      | Reached XP level 2. HP: 18/19 MP: 0/6
  1508 | D:1      | Reached XP level 3. HP: 21/24 MP: 1/8
  1885 | D:2      | Found a sacrificial altar of Ru.
  2548 | D:2      | Found a radiant altar of Vehumet.
  2556 | D:2      | Became a worshipper of Vehumet
  2609 | D:2      | Noticed Jessica
  2628 | D:2      | Killed Jessica
  2628 | D:2      | Reached XP level 4. HP: 25/30 MP: 0/9
  2858 | D:2      | Found a snail-covered altar of Cheibriados.
  2899 | D:2      | Learned a level 2 spell: Blink
  2903 | D:2      | Learned a level 3 spell: Conjure Flame
  2907 | D:2      | Learned a level 3 spell: Mephitic Cloud
  2960 | D:3      | Found a bloodstained altar of Trog.
  3096 | D:3      | Noticed an ogre
  3288 | D:3      | Reached skill level 4 in Spellcasting
  3347 | D:3      | Found a shattered altar of Ashenzari.
  3514 | D:3      | Killed an ogre
  3514 | D:3      | Gained mutation: You have a pair of small horns on your head. [demonic ancestry]
  3514 | D:3      | Reached XP level 5. HP: 35/35 MP: 2/11
  3515 | D:3      | Quit the game

Skill      XL: |  1  2  3  4 |
---------------+-------------+-----
Conjurations   | 2 3 |  3.9
Spellcasting   | 4 |  4.4
Dodging        | |  1.7
Stealth        | |  1.7
Summonings     | |  1.0
Translocations | |  0.8

Action                   |  1- 3 |  4- 6 || total
-------------------------+-------+-------++-------
Melee: Unarmed           |    30 |       ||    30
       Mace              |    31 |    11 ||    42
       Dagger            |    10 |       ||    10
 Cast: Magic Dart        |   110 |    37 ||   147
       Conjure Flame     |       |     2 ||     2
       Mephitic Cloud    |       |     2 ||     2
       Blink             |       |     2 ||     2
  Use: Scroll            |     2 |     2 ||     4
       Potion            |       |     1 ||     1
  Eat: Chunk             |     5 |     3 ||     8
Armor: Robe              |    19 |     6 ||    25
Dodge: Dodged            |    82 |    16 ||    98
